3529 views
Uploaded 2020-04-14 19:42:35
Game version 1.32.3
42:38 long 4on4 ladder game on (8)Sanctuary_LV
Saved by BEARAND
3529 views
Uploaded 2020-04-14 19:42:35
Game version 1.32.3
42:38 long 4on4 ladder game on (8)Sanctuary_LV


367 units @ 63k
/ 11.5k
90 buildings @ 17.6k
/ 8.2k



| Lesser Clarity Potion | 1 | 70 |
| Orb of Venom | 1 | 325 |
| Potion of Healing | 1 | 150 |
| Scroll of Healing | 1 | 250 |
| Scroll of Town Portal | 3 | 1050 |
| Circlet of Nobility | 1 | 175 |
| Scroll of Protection | 1 | 150 |
| Periapt of Vitality | 1 | 325 |
| Potion of Lesser Invulnerability | 1 | 150 |
| total: | 11 | 2645g |
| Wisp | 18 | 1080 | / | 0 |
| Archer | 5 | 650 | / | 50 |
| Hippogryph | 4 | 640 | / | 80 |
| Chimaera | 17 | 5610 | / | 1190 |
| Goblin Shredder | 2 | 750 | / | 200 |
| total: | 46 | 8730g | / | 1520w |
| Moon Well | 8 | 1440 | / | 320 |
| Altar of Elders | 1 | 180 | / | 50 |
| Ancient of War | 1 | 150 | / | 60 |
| Tree of Life | 4 | 1360 | / | 740 |
| Ancient of Wonders | 1 | 90 | / | 30 |
| Hunter's Hall | 1 | 210 | / | 100 |
| Ancient of Wind | 3 | 450 | / | 420 |
| Chimaera Roost | 3 | 420 | / | 570 |
| Tree of Ages | 1 | 320 | / | 180 |
| Tree of Eternity | 1 | 330 | / | 200 |
| total: | 22 | 4300g | / | 2290w |
| 0:03 | Wisp |
| 0:03 | Wisp |
| 0:15 | Moon Well |
| 0:21 | Moon Well |
| 0:26 | Altar of Elders |
| 0:29 | Wisp |
| 0:33 | Ancient of War |
| 0:46 | Wisp |
| 0:46 | Wisp |
| 1:02 | Wisp |
| 1:09 | Wisp |
| 1:27 | Moon Well |
| 1:34 | Archer |
| 1:44 | Archer |
| 2:06 | Moon Well |
| 2:13 | Archer |
| 2:28 | Wisp |
| 2:28 | Wisp |
| 2:36 | Entangling Roots |
| 2:44 | Archer |
| 3:11 | Archer |
| 3:27 | Tree of Ages |
| 4:16 | Force of Nature |
| 4:26 | Tree of Life |
| 4:49 | Ancient of Wonders |
| 5:09 | Force of Nature |
| 5:18 | Goblin Shredder |
| 5:42 | Hunter's Hall |
| 5:51 | Tree of Eternity |
| 6:22 | Lesser Clarity Potion |
| 6:31 | Moon Well |
| 6:33 | Wisp |
| 6:33 | Wisp |
| 6:33 | Wisp |
| 6:34 | Wisp |
| 6:34 | Wisp |
| 8:10 | Strength of the Wild |
| 8:10 | Reinforced Hides |
| 8:31 | Entangling Roots |
| 8:58 | Chimaera Roost |
| 9:02 | Chimaera Roost |
| 9:04 | Chimaera Roost |
| 9:07 | Moon Well |
| 9:13 | Ancient of Wind |
| 9:15 | Ancient of Wind |
| 9:36 | Improved Strength of the Wild |
| 9:39 | Wisp |
| 9:44 | Tree of Life |
| 10:04 | Moon Well |
| 10:10 | Nature's Blessing |
| 10:17 | Hippogryph |
| 10:23 | Chimaera |
| 10:36 | Chimaera |
| 10:37 | Chimaera |
| 10:54 | Orb of Venom |
| 11:24 | Frost Arrows |
| 11:37 | Chimaera |
| 11:43 | Trueshot Aura |
| 11:55 | Corrosive Breath |
| 12:17 | Wisp |
| 12:28 | Chimaera |
| 13:59 | Chimaera |
| 14:07 | Frost Arrows |
| 14:07 | Forked Lightning |
| 14:20 | Searing Arrows |
| 14:38 | Entangling Roots |
| 14:46 | Improved Reinforced Hides |
| 14:46 | Advanced Strength of the Wild |
| 14:47 | Hippogryph |
| 16:39 | Trueshot Aura |
| 17:02 | Chimaera |
| 18:06 | Advanced Reinforced Hides |
| 18:07 | Well Spring |
| 18:40 | Chimaera |
| 19:54 | Chimaera |
| 21:40 | Tranquility |
| 21:50 | Ultravision |
| 21:57 | Tree of Life |
| 22:03 | Potion of Healing |
| 22:29 | Ancient of Wind |
| 22:38 | Moon Well |
| 23:07 | Circlet of Nobility |
| 23:08 | Scroll of Healing |
| 23:09 | Scroll of Protection |
| 25:14 | Chimaera |
| 25:35 | Force of Nature |
| 26:38 | Chimaera |
| 26:55 | Scroll of Town Portal |
| 27:17 | Chimaera |
| 27:28 | Periapt of Vitality |
| 27:28 | Potion of Lesser Invulnerability |
| 29:02 | Chimaera |
| 29:18 | Wisp |
| 29:18 | Wisp |
| 29:42 | Searing Arrows |
| 31:59 | Goblin Shredder |
| 32:04 | Chimaera |
| 32:37 | Forked Lightning |
| 33:08 | Chimaera |
| 33:34 | Chimaera |
| 34:12 | Chimaera |
| 34:54 | Frost Arrows |
| 36:15 | Tree of Life |
| 37:23 | Hippogryph |
| 37:23 | Hippogryph |
| 37:29 | Scroll of Town Portal |
| 38:45 | Scroll of Town Portal |
| Right click | 1743 |
| Select group | 799 |
| Select | 551 |
| Build/train/purchase | 128 |
| Use ability | 87 |
| Assign group | 39 |
| Misc. action | 37 |
| Item give/drop | 18 |
| Minimap ping | 10 |
| Remove unit | 1 |



| Moonstone | 2 | 100 |
| Orb of Venom | 3 | 975 |
| Staff of Preservation | 1 | 150 |
| Potion of Healing | 1 | 150 |
| Scroll of Town Portal | 4 | 1400 |
| total: | 11 | 2775g |
| Wisp | 21 | 1260 | / | 0 |
| Archer | 17 | 2210 | / | 170 |
| Huntress | 9 | 1755 | / | 180 |
| Hippogryph | 34 | 5440 | / | 680 |
| Chimaera | 20 | 6600 | / | 1400 |
| Druid of the Claw | 7 | 1785 | / | 560 |
| Dryad | 18 | 2610 | / | 1080 |
| total: | 126 | 21660g | / | 4070w |
| Altar of Elders | 1 | 180 | / | 50 |
| Ancient of War | 1 | 150 | / | 60 |
| Moon Well | 11 | 1980 | / | 440 |
| Hunter's Hall | 1 | 210 | / | 100 |
| Ancient of Wonders | 1 | 90 | / | 30 |
| Tree of Life | 6 | 2040 | / | 1110 |
| Ancient of Wind | 1 | 150 | / | 140 |
| Ancient of Lore | 2 | 310 | / | 290 |
| Chimaera Roost | 2 | 280 | / | 380 |
| Tree of Ages | 2 | 640 | / | 360 |
| Tree of Eternity | 1 | 330 | / | 200 |
| total: | 26 | 5390g | / | 2600w |
| 0:04 | Wisp |
| 0:04 | Wisp |
| 0:04 | Wisp |
| 0:05 | Wisp |
| 0:05 | Wisp |
| 0:24 | Altar of Elders |
| 0:40 | Ancient of War |
| 0:52 | Moon Well |
| 0:58 | Moon Well |
| 1:05 | Wisp |
| 1:05 | Wisp |
| 1:06 | Wisp |
| 1:06 | Wisp |
| 1:07 | Wisp |
| 1:51 | Moon Well |
| 1:55 | Archer |
| 1:57 | Archer |
| 2:02 | Archer |
| 2:32 | Hunter's Hall |
| 2:38 | Ancient of Wonders |
| 2:51 | Moon Well |
| 2:57 | Searing Arrows |
| 3:07 | Archer |
| 3:16 | Archer |
| 3:51 | Moon Well |
| 4:10 | Huntress |
| 4:19 | Tree of Ages |
| 4:29 | Wisp |
| 4:29 | Wisp |
| 4:29 | Wisp |
| 4:30 | Wisp |
| 4:30 | Wisp |
| 4:34 | Wisp |
| 5:06 | Trueshot Aura |
| 5:14 | Archer |
| 5:19 | Tree of Life |
| 5:33 | Huntress |
| 5:52 | Huntress |
| 6:35 | Trueshot Aura |
| 6:47 | Archer |
| 6:47 | Huntress |
| 6:52 | Huntress |
| 7:14 | Strength of the Moon |
| 7:15 | Moon Armor |
| 7:19 | Tree of Ages |
| 7:27 | Improved Strength of the Moon |
| 8:53 | Searing Arrows |
| 9:02 | Huntress |
| 9:02 | Huntress |
| 9:03 | Huntress |
| 9:03 | Huntress |
| 9:09 | Improved Moon Armor |
| 9:16 | Moon Well |
| 9:17 | Moon Well |
| 9:52 | Moonstone |
| 10:09 | Tree of Eternity |
| 10:10 | Advanced Strength of the Moon |
| 10:11 | Advanced Moon Armor |
| 10:32 | Ancient of Wind |
| 10:38 | Moon Glaive |
| 10:38 | Improved Bows |
| 11:25 | Immolation |
| 12:03 | Hippogryph |
| 12:03 | Hippogryph |
| 12:03 | Hippogryph |
| 12:03 | Hippogryph |
| 12:03 | Hippogryph |
| 12:14 | Archer |
| 13:16 | Archer |
| 13:16 | Archer |
| 13:16 | Marksmanship |
| 13:18 | Well Spring |
| 14:33 | Black Arrow |
| 15:05 | Chimaera Roost |
| 15:06 | Hippogryph |
| 15:07 | Hippogryph |
| 15:34 | Evasion |
| 16:18 | Hippogryph |
| 16:22 | Archer |
| 16:23 | Hippogryph |
| 16:30 | Chimaera |
| 16:30 | Chimaera |
| 16:31 | Chimaera |
| 16:33 | Chimaera |
| 16:34 | Corrosive Breath |
| 16:36 | Hippogryph |
| 16:36 | Hippogryph |
| 16:37 | Hippogryph |
| 16:45 | Archer |
| 16:45 | Archer |
| 16:45 | Archer |
| 16:45 | Archer |
| 16:46 | Archer |
| 16:49 | Strength of the Wild |
| 16:55 | Reinforced Hides |
| 17:37 | Archer |
| 17:38 | Hippogryph |
| 17:44 | Scroll of Town Portal |
| 17:45 | Orb of Venom |
| 18:13 | Chimaera |
| 18:15 | Hippogryph |
| 18:16 | Hippogryph |
| 18:27 | Scroll of Town Portal |
| 18:28 | Moonstone |
| 18:52 | Improved Strength of the Wild |
| 18:53 | Improved Reinforced Hides |
| 19:04 | Chimaera |
| 19:04 | Chimaera |
| 19:06 | Hippogryph |
| 19:06 | Hippogryph |
| 19:07 | Hippogryph |
| 19:37 | Life Drain |
| 20:48 | Chimaera |
| 20:48 | Chimaera |
| 20:50 | Hippogryph |
| 20:50 | Hippogryph |
| 20:50 | Hippogryph |
| 20:52 | Chimaera |
| 20:52 | Chimaera |
| 21:31 | Immolation |
| 21:50 | Trueshot Aura |
| 22:41 | Advanced Strength of the Wild |
| 22:42 | Advanced Reinforced Hides |
| 22:42 | Ultravision |
| 25:22 | Black Arrow |
| 26:02 | Chimaera Roost |
| 26:06 | Staff of Preservation |
| 26:11 | Scroll of Town Portal |
| 26:13 | Orb of Venom |
| 26:15 | Potion of Healing |
| 27:20 | Moon Well |
| 27:21 | Moon Well |
| 27:26 | Moon Well |
| 27:29 | Moon Well |
| 27:33 | Chimaera |
| 27:33 | Chimaera |
| 27:33 | Chimaera |
| 28:22 | Tree of Life |
| 28:29 | Tree of Life |
| 28:35 | Tree of Life |
| 28:42 | Tree of Life |
| 28:47 | Wisp |
| 28:47 | Wisp |
| 28:48 | Wisp |
| 28:48 | Wisp |
| 30:12 | Orb of Venom |
| 32:37 | Chimaera |
| 32:37 | Chimaera |
| 32:49 | Hippogryph |
| 32:50 | Hippogryph |
| 32:50 | Hippogryph |
| 32:50 | Hippogryph |
| 32:50 | Hippogryph |
| 32:50 | Hippogryph |
| 32:51 | Hippogryph |
| 35:36 | Chimaera |
| 35:54 | Chimaera |
| 35:56 | Hippogryph |
| 35:56 | Hippogryph |
| 35:59 | Hippogryph |
| 35:59 | Hippogryph |
| 36:03 | Hippogryph |
| 36:03 | Hippogryph |
| 36:07 | Chimaera |
| 36:08 | Chimaera |
| 37:15 | Ancient of Lore |
| 37:18 | Ancient of Lore |
| 39:11 | Druid of the Claw Adept Training |
| 39:13 | Druid of the Claw |
| 39:14 | Druid of the Claw |
| 39:14 | Druid of the Claw |
| 39:14 | Druid of the Claw |
| 39:15 | Druid of the Claw |
| 39:28 | Scroll of Town Portal |
| 39:35 | Tree of Life |
| 39:58 | Dryad |
| 39:59 | Dryad |
| 39:59 | Dryad |
| 39:59 | Dryad |
| 39:59 | Dryad |
| 39:59 | Dryad |
| 40:02 | Abolish Magic |
| 40:03 | Dryad |
| 40:03 | Dryad |
| 40:03 | Dryad |
| 40:03 | Dryad |
| 40:04 | Dryad |
| 40:12 | Druid of the Claw Master Training |
| 40:14 | Druid of the Claw |
| 40:14 | Druid of the Claw |
| 40:25 | Dryad |
| 40:25 | Dryad |
| 40:25 | Dryad |
| 40:25 | Dryad |
| 40:25 | Dryad |
| 40:30 | Dryad |
| 40:30 | Dryad |
| 42:07 | Wisp |
| Right click | 1166 |
| Select | 641 |
| Build/train/purchase | 203 |
| Remove unit | 39 |
| Use ability | 13 |
| Minimap ping | 9 |
| Item give/drop | 7 |
| Chat | 4 |

| Scroll of Town Portal | 1 | 350 |
| total: | 1 | 350g |
| Wisp | 22 | 1320 | / | 0 |
| Archer | 9 | 1170 | / | 90 |
| Huntress | 13 | 2535 | / | 260 |
| Hippogryph | 25 | 4000 | / | 500 |
| Chimaera | 13 | 4290 | / | 910 |
| Mountain Giant | 16 | 5600 | / | 1600 |
| Glaive Thrower | 18 | 3780 | / | 1170 |
| Dryad | 9 | 1305 | / | 540 |
| Goblin Shredder | 1 | 375 | / | 100 |
| total: | 126 | 24375g | / | 5170w |
| Ancient Protector | 3 | 405 | / | 240 |
| Moon Well | 11 | 1980 | / | 440 |
| Altar of Elders | 1 | 180 | / | 50 |
| Ancient of War | 1 | 150 | / | 60 |
| Hunter's Hall | 1 | 210 | / | 100 |
| Tree of Life | 2 | 680 | / | 370 |
| Ancient of Wonders | 1 | 90 | / | 30 |
| Ancient of Wind | 1 | 150 | / | 140 |
| Ancient of Lore | 1 | 155 | / | 145 |
| Chimaera Roost | 1 | 140 | / | 190 |
| Tree of Ages | 1 | 320 | / | 180 |
| Tree of Eternity | 1 | 330 | / | 200 |
| total: | 23 | 4140g | / | 1765w |
| 0:04 | Wisp |
| 0:04 | Wisp |
| 0:04 | Wisp |
| 0:04 | Wisp |
| 0:05 | Wisp |
| 0:05 | Wisp |
| 0:05 | Wisp |
| 0:30 | Moon Well |
| 0:36 | Altar of Elders |
| 0:51 | Ancient of War |
| 0:55 | Wisp |
| 1:34 | Wisp |
| 1:34 | Wisp |
| 1:44 | Moon Well |
| 1:46 | Moon Well |
| 1:48 | Moon Well |
| 1:59 | Archer |
| 2:16 | Archer |
| 2:40 | Tree of Ages |
| 2:49 | Archer |
| 2:59 | Archer |
| 3:00 | Archer |
| 3:10 | Force of Nature |
| 3:22 | Archer |
| 3:32 | Moon Well |
| 3:32 | Moon Well |
| 3:34 | Moon Well |
| 3:35 | Moon Well |
| 4:12 | Hunter's Hall |
| 4:37 | Archer |
| 4:38 | Archer |
| 4:38 | Archer |
| 5:03 | Thorns Aura |
| 5:57 | Tree of Life |
| 6:09 | Ancient Protector |
| 6:11 | Ancient Protector |
| 6:12 | Ancient Protector |
| 6:30 | Wisp |
| 6:31 | Wisp |
| 6:31 | Wisp |
| 6:31 | Wisp |
| 6:31 | Wisp |
| 7:42 | Force of Nature |
| 8:02 | Wisp |
| 8:03 | Wisp |
| 8:03 | Wisp |
| 8:03 | Wisp |
| 8:03 | Wisp |
| 8:03 | Wisp |
| 8:47 | Tree of Eternity |
| 8:52 | Ancient of Wind |
| 9:00 | Goblin Shredder |
| 9:21 | Moon Well |
| 9:21 | Moon Well |
| 9:22 | Moon Well |
| 9:37 | Huntress |
| 9:37 | Huntress |
| 9:55 | Wisp |
| 10:07 | Hippogryph |
| 10:07 | Hippogryph |
| 10:07 | Hippogryph |
| 10:07 | Hippogryph |
| 10:07 | Hippogryph |
| 10:19 | Huntress |
| 10:35 | Huntress |
| 10:35 | Huntress |
| 10:35 | Huntress |
| 10:48 | Huntress |
| 10:49 | Huntress |
| 10:56 | Strength of the Moon |
| 10:58 | Moon Armor |
| 11:32 | Chimaera Roost |
| 11:44 | Ancient of Lore |
| 12:00 | Huntress |
| 12:00 | Huntress |
| 12:00 | Huntress |
| 12:00 | Huntress |
| 12:00 | Huntress |
| 12:04 | Moon Glaive |
| 12:15 | Ancient of Wonders |
| 12:20 | Hippogryph |
| 12:20 | Hippogryph |
| 12:56 | Chimaera |
| 12:57 | Chimaera |
| 12:58 | Corrosive Breath |
| 14:22 | Chimaera |
| 14:22 | Chimaera |
| 14:22 | Chimaera |
| 14:23 | Chimaera |
| 14:23 | Chimaera |
| 14:57 | Mountain Giant |
| 14:58 | Hardened Skin |
| 14:58 | Resistant Skin |
| 16:03 | Mountain Giant |
| 16:03 | Mountain Giant |
| 16:03 | Mountain Giant |
| 17:01 | Chimaera |
| 17:02 | Chimaera |
| 17:02 | Chimaera |
| 17:02 | Chimaera |
| 17:11 | Improved Strength of the Moon |
| 17:11 | Improved Moon Armor |
| 18:08 | Chimaera |
| 18:08 | Chimaera |
| 18:13 | Hippogryph |
| 18:13 | Hippogryph |
| 18:55 | Entangling Roots |
| 20:29 | Scroll of Town Portal |
| 20:32 | Mountain Giant |
| 20:32 | Mountain Giant |
| 20:32 | Mountain Giant |
| 20:32 | Mountain Giant |
| 21:09 | Vorpal Blades |
| 21:09 | Glaive Thrower |
| 21:44 | Glaive Thrower |
| 21:44 | Glaive Thrower |
| 21:59 | Advanced Strength of the Moon |
| 25:38 | Force of Nature |
| 25:55 | Mountain Giant |
| 25:55 | Mountain Giant |
| 25:55 | Mountain Giant |
| 25:55 | Mountain Giant |
| 25:55 | Mountain Giant |
| 25:55 | Mountain Giant |
| 26:27 | Tree of Life |
| 27:05 | Glaive Thrower |
| 27:05 | Glaive Thrower |
| 27:05 | Glaive Thrower |
| 27:06 | Glaive Thrower |
| 27:06 | Glaive Thrower |
| 27:40 | Advanced Moon Armor |
| 27:40 | Strength of the Wild |
| 29:40 | Hippogryph |
| 29:40 | Hippogryph |
| 29:40 | Hippogryph |
| 29:40 | Hippogryph |
| 29:40 | Hippogryph |
| 29:40 | Hippogryph |
| 32:49 | Hippogryph |
| 32:49 | Hippogryph |
| 32:49 | Hippogryph |
| 32:50 | Hippogryph |
| 32:50 | Hippogryph |
| 32:50 | Hippogryph |
| 32:50 | Hippogryph |
| 35:14 | Glaive Thrower |
| 35:14 | Glaive Thrower |
| 35:14 | Glaive Thrower |
| 35:15 | Glaive Thrower |
| 35:15 | Glaive Thrower |
| 36:29 | Glaive Thrower |
| 36:29 | Glaive Thrower |
| 36:29 | Glaive Thrower |
| 36:29 | Glaive Thrower |
| 36:30 | Glaive Thrower |
| 37:26 | Hippogryph |
| 37:27 | Hippogryph |
| 37:27 | Hippogryph |
| 38:11 | Mountain Giant |
| 38:11 | Mountain Giant |
| 38:15 | Abolish Magic |
| 38:15 | Dryad |
| 38:15 | Dryad |
| 38:16 | Dryad |
| 38:16 | Dryad |
| 39:41 | Dryad |
| 39:42 | Dryad |
| 39:42 | Dryad |
| 39:42 | Dryad |
| 39:42 | Dryad |
| Right click | 910 |
| Select | 313 |
| Build/train/purchase | 166 |
| Misc. action | 32 |
| Use ability | 30 |
| Remove unit | 4 |
| Minimap ping | 3 |


| Scroll of Town Portal | 1 | 350 |
| Boots of Speed | 1 | 250 |
| Periapt of Vitality | 1 | 325 |
| total: | 3 | 925g |
| Wisp | 21 | 1260 | / | 0 |
| Archer | 27 | 3510 | / | 270 |
| Hippogryph | 19 | 3040 | / | 380 |
| Glaive Thrower | 2 | 420 | / | 130 |
| total: | 69 | 8230g | / | 780w |
| Ancient Protector | 2 | 270 | / | 160 |
| Altar of Elders | 1 | 180 | / | 50 |
| Moon Well | 8 | 1440 | / | 320 |
| Ancient of War | 2 | 300 | / | 120 |
| Hunter's Hall | 1 | 210 | / | 100 |
| Tree of Life | 3 | 1020 | / | 555 |
| Ancient of Wind | 2 | 300 | / | 280 |
| Tree of Ages | 1 | 320 | / | 180 |
| Tree of Eternity | 1 | 330 | / | 200 |
| total: | 19 | 3720g | / | 1585w |
| 0:04 | Wisp |
| 0:04 | Wisp |
| 0:04 | Wisp |
| 0:20 | Altar of Elders |
| 0:29 | Moon Well |
| 0:32 | Wisp |
| 0:32 | Wisp |
| 1:11 | Ancient of War |
| 1:15 | Wisp |
| 1:15 | Wisp |
| 1:15 | Wisp |
| 1:16 | Wisp |
| 1:30 | Moon Well |
| 1:51 | Wisp |
| 2:11 | Wisp |
| 2:21 | Force of Nature |
| 2:22 | Archer |
| 2:42 | Archer |
| 3:03 | Tree of Ages |
| 3:05 | Archer |
| 3:14 | Hunter's Hall |
| 3:20 | Moon Well |
| 3:47 | Archer |
| 5:07 | Ancient Protector |
| 5:29 | Wisp |
| 5:29 | Wisp |
| 5:34 | Ancient of Wind |
| 5:46 | Ancient of Wind |
| 5:49 | Entangling Roots |
| 6:16 | Improved Bows |
| 6:33 | Wisp |
| 6:34 | Wisp |
| 6:49 | Hippogryph |
| 7:01 | Tree of Life |
| 7:05 | Ancient Protector |
| 7:09 | Thorns Aura |
| 8:12 | Hippogryph |
| 8:14 | Archer |
| 8:14 | Archer |
| 8:15 | Strength of the Moon |
| 8:17 | Ancient of War |
| 8:20 | Trueshot Aura |
| 8:56 | Archer |
| 8:57 | Hippogryph |
| 8:59 | Moon Armor |
| 9:06 | Moon Well |
| 9:51 | Hippogryph |
| 9:53 | Archer |
| 10:05 | Wisp |
| 10:05 | Wisp |
| 10:05 | Wisp |
| 10:18 | Nature's Blessing |
| 10:24 | Ultravision |
| 11:28 | Archer |
| 11:30 | Hippogryph |
| 11:31 | Tree of Eternity |
| 11:33 | Improved Strength of the Moon |
| 12:02 | Archer |
| 12:06 | Moon Well |
| 12:09 | Moon Well |
| 12:12 | Hippogryph |
| 12:51 | Hippogryph |
| 12:53 | Improved Moon Armor |
| 13:52 | Force of Nature |
| 14:11 | Searing Arrows |
| 14:19 | Moon Well |
| 14:21 | Marksmanship |
| 14:56 | Hippogryph |
| 14:57 | Wisp |
| 14:57 | Wisp |
| 14:58 | Wisp |
| 15:00 | Archer |
| 16:13 | Archer |
| 16:13 | Archer |
| 16:15 | Hippogryph |
| 16:15 | Hippogryph |
| 16:32 | Advanced Strength of the Moon |
| 17:35 | Archer |
| 17:35 | Archer |
| 17:39 | Hippogryph |
| 17:40 | Hippogryph |
| 20:37 | Hippogryph |
| 20:37 | Hippogryph |
| 20:39 | Advanced Moon Armor |
| 20:40 | Well Spring |
| 20:42 | Archer |
| 20:42 | Archer |
| 20:44 | Trueshot Aura |
| 20:52 | Scroll of Town Portal |
| 20:52 | Boots of Speed |
| 20:54 | Periapt of Vitality |
| 22:19 | Archer |
| 24:07 | Archer |
| 24:24 | Thorns Aura |
| 26:12 | Hippogryph |
| 26:13 | Hippogryph |
| 26:14 | Archer |
| 26:14 | Archer |
| 28:09 | Searing Arrows |
| 28:56 | Archer |
| 28:56 | Archer |
| 28:58 | Hippogryph |
| 28:58 | Hippogryph |
| 28:58 | Hippogryph |
| 29:05 | Moon Well |
| 29:19 | Glaive Thrower |
| 29:19 | Glaive Thrower |
| 31:13 | Tranquility |
| 31:22 | Trueshot Aura |
| 31:28 | Archer |
| 31:28 | Archer |
| 32:10 | Tree of Life |
| 32:17 | Tree of Life |
| 34:13 | Vorpal Blades |
| 40:44 | Archer |
| 40:44 | Archer |
| Right click | 1462 |
| Select | 468 |
| Build/train/purchase | 119 |
| Use ability | 37 |
| Misc. action | 16 |
| Chat | 14 |
| Minimap ping | 11 |
| Item give/drop | 2 |
| Esc | 1 |
156 units @ 18.7k
/ 2.5k
400 buildings @ 30.6k
/ 16.5k


| Healing Salve | 1 | 100 |
| Lesser Clarity Potion | 1 | 70 |
| Orb of Lightning | 1 | 375 |
| Staff of Teleportation | 2 | 300 |
| Staff of Sanctuary | 2 | 500 |
| total: | 7 | 1345g |
| Peon | 27 | 2025 | / | 0 |
| Troll Batrider | 38 | 6080 | / | 1520 |
| total: | 65 | 8105g | / | 1520w |
| Watch Tower | 44 | 4840 | / | 3520 |
| Altar of Storms | 3 | 540 | / | 150 |
| Orc Burrow | 9 | 1440 | / | 360 |
| War Mill | 4 | 820 | / | 0 |
| Voodoo Lounge | 2 | 260 | / | 60 |
| Great Hall | 8 | 3080 | / | 1480 |
| Beastiary | 11 | 1595 | / | 1540 |
| Stronghold | 2 | 630 | / | 380 |
| Fortress | 2 | 650 | / | 380 |
| total: | 81 | 12575g | / | 7110w |
| 0:01 | Peon |
| 0:03 | Altar of Storms |
| 0:10 | Peon |
| 0:17 | Orc Burrow |
| 0:26 | Peon |
| 0:45 | Peon |
| 0:47 | War Mill |
| 0:56 | Peon |
| 1:12 | Peon |
| 1:22 | Peon |
| 1:37 | Peon |
| 1:49 | Voodoo Lounge |
| 1:51 | Peon |
| 1:58 | Peon |
| 2:07 | War Stomp |
| 2:23 | Watch Tower |
| 2:26 | Watch Tower |
| 2:55 | Watch Tower |
| 3:03 | Orc Burrow |
| 3:11 | Watch Tower |
| 3:16 | War Mill |
| 3:18 | War Mill |
| 3:20 | War Mill |
| 3:38 | Watch Tower |
| 3:57 | Watch Tower |
| 3:59 | Peon |
| 3:59 | Peon |
| 4:33 | Peon |
| 4:39 | Watch Tower |
| 4:42 | Watch Tower |
| 5:01 | Peon |
| 5:02 | Peon |
| 5:11 | Watch Tower |
| 5:17 | Watch Tower |
| 5:32 | Watch Tower |
| 5:34 | Peon |
| 5:35 | Peon |
| 5:48 | Watch Tower |
| 6:03 | Watch Tower |
| 6:05 | Peon |
| 6:06 | Peon |
| 6:20 | Healing Salve |
| 6:21 | Lesser Clarity Potion |
| 6:40 | Stronghold |
| 7:04 | Watch Tower |
| 7:05 | Watch Tower |
| 7:30 | Spiked Barricades |
| 7:40 | Watch Tower |
| 7:53 | Watch Tower |
| 8:07 | Endurance Aura |
| 8:10 | Watch Tower |
| 8:11 | Watch Tower |
| 8:11 | Watch Tower |
| 8:43 | Watch Tower |
| 8:43 | Watch Tower |
| 9:13 | Fortress |
| 9:39 | Beastiary |
| 9:41 | Beastiary |
| 10:01 | Reinforced Defenses |
| 10:13 | Staff of Teleportation |
| 10:45 | Troll Batrider |
| 10:46 | Orc Burrow |
| 10:49 | Watch Tower |
| 11:01 | Watch Tower |
| 11:14 | Troll Batrider |
| 11:22 | Troll Batrider |
| 11:22 | Troll Batrider |
| 11:39 | Troll Batrider |
| 11:41 | Troll Batrider |
| 11:44 | Orc Burrow |
| 12:07 | Orb of Lightning |
| 12:12 | Watch Tower |
| 12:16 | Watch Tower |
| 12:17 | Watch Tower |
| 12:18 | Watch Tower |
| 12:18 | Watch Tower |
| 12:23 | Watch Tower |
| 12:24 | Watch Tower |
| 12:28 | Troll Batrider |
| 13:00 | War Stomp |
| 13:24 | Troll Batrider |
| 13:27 | Watch Tower |
| 13:30 | Watch Tower |
| 13:31 | Watch Tower |
| 13:33 | Watch Tower |
| 13:36 | Watch Tower |
| 13:38 | Watch Tower |
| 13:58 | Troll Batrider |
| 14:22 | Troll Batrider |
| 14:23 | Troll Batrider |
| 14:23 | Troll Batrider |
| 14:25 | Troll Batrider |
| 14:28 | Watch Tower |
| 14:30 | Watch Tower |
| 14:32 | Watch Tower |
| 14:34 | Watch Tower |
| 14:36 | Watch Tower |
| 14:46 | Beastiary |
| 14:47 | Watch Tower |
| 14:48 | Watch Tower |
| 14:55 | Great Hall |
| 15:50 | Beastiary |
| 15:51 | Beastiary |
| 15:55 | Beastiary |
| 15:59 | Beastiary |
| 16:04 | Beastiary |
| 16:17 | Altar of Storms |
| 16:57 | Orc Burrow |
| 17:16 | Altar of Storms |
| 17:24 | Great Hall |
| 17:41 | Great Hall |
| 18:01 | Orc Burrow |
| 18:01 | Orc Burrow |
| 19:07 | Great Hall |
| 20:17 | Great Hall |
| 20:23 | Peon |
| 20:24 | Peon |
| 20:37 | Great Hall |
| 20:42 | Stronghold |
| 22:27 | Great Hall |
| 23:06 | Beastiary |
| 23:08 | Beastiary |
| 23:09 | Beastiary |
| 23:12 | Orc Burrow |
| 23:15 | Orc Burrow |
| 24:12 | Peon |
| 24:12 | Peon |
| 24:12 | Peon |
| 24:13 | Peon |
| 24:20 | Voodoo Lounge |
| 25:04 | Peon |
| 25:05 | Peon |
| 25:30 | Troll Batrider |
| 25:30 | Troll Batrider |
| 25:30 | Troll Batrider |
| 26:06 | Endurance Aura |
| 26:55 | Troll Batrider |
| 26:55 | Troll Batrider |
| 27:10 | Healing Wave |
| 27:29 | Troll Batrider |
| 28:24 | Troll Batrider |
| 28:40 | Troll Batrider |
| 29:01 | Troll Batrider |
| 29:52 | Troll Batrider |
| 29:53 | Troll Batrider |
| 30:32 | Troll Batrider |
| 31:01 | Troll Batrider |
| 31:56 | War Stomp |
| 32:14 | Great Hall |
| 32:32 | Hex |
| 32:34 | Troll Batrider |
| 32:36 | Troll Batrider |
| 33:27 | Fortress |
| 33:31 | Staff of Sanctuary |
| 33:34 | Staff of Sanctuary |
| 34:14 | Troll Batrider |
| 34:14 | Troll Batrider |
| 34:53 | Healing Wave |
| 36:27 | Staff of Teleportation |
| 36:47 | Troll Batrider |
| 36:47 | Troll Batrider |
| 37:57 | Liquid Fire |
| 38:00 | Troll Batrider |
| 40:44 | Troll Batrider |
| 40:59 | Troll Batrider |
| 41:24 | Reincarnation |
| 41:26 | Troll Batrider |
| 41:26 | Troll Batrider |
| 41:43 | Troll Batrider |
| 42:09 | Hex |
| Right click | 2493 |
| Select | 800 |
| Select group | 753 |
| Use ability | 218 |
| Assign group | 209 |
| Build/train/purchase | 173 |
| Minimap ping | 17 |
| Resource trade | 7 |
| Misc. action | 5 |
| Item give/drop | 1 |
| Remove unit | 1 |



| Rod of Necromancy | 1 | 150 |
| Sacrificial Skull | 2 | 100 |
| Lesser Clarity Potion | 6 | 420 |
| Orb of Corruption | 2 | 750 |
| Potion of Healing | 2 | 300 |
| Potion of Mana | 2 | 400 |
| Boots of Speed | 3 | 750 |
| Staff of Teleportation | 3 | 450 |
| Circlet of Nobility | 1 | 175 |
| Periapt of Vitality | 2 | 650 |
| Potion of Lesser Invulnerability | 1 | 150 |
| Healing Salve | 2 | 200 |
| Staff of Sanctuary | 3 | 750 |
| total: | 30 | 5245g |
| Acolyte | 8 | 600 | / | 0 |
| Ghoul | 6 | 720 | / | 0 |
| Obsidian Statue | 5 | 1000 | / | 175 |
| Crypt Fiend | 1 | 215 | / | 40 |
| total: | 20 | 2535g | / | 215w |
| Nerubian Tower | 7 | 700 | / | 140 |
| Spirit Tower | 3 | 435 | / | 120 |
| Crypt | 1 | 200 | / | 50 |
| Altar of Darkness | 1 | 180 | / | 50 |
| Ziggurat | 11 | 1650 | / | 550 |
| Graveyard | 1 | 215 | / | 0 |
| Tomb of Relics | 3 | 390 | / | 90 |
| Slaughterhouse | 1 | 140 | / | 135 |
| Halls of the Dead | 1 | 320 | / | 210 |
| Black Citadel | 1 | 325 | / | 230 |
| total: | 18 | 2775g | / | 875w |
| 0:01 | Acolyte |
| 0:05 | Crypt |
| 0:13 | Acolyte |
| 0:31 | Altar of Darkness |
| 0:33 | Ziggurat |
| 1:08 | Ghoul |
| 1:13 | Graveyard |
| 1:22 | Tomb of Relics |
| 1:35 | Ghoul |
| 1:52 | Ziggurat |
| 2:07 | Ghoul |
| 2:21 | Ghoul |
| 2:48 | Ghoul |
| 2:55 | Death Coil |
| 2:57 | Rod of Necromancy |
| 2:58 | Sacrificial Skull |
| 2:59 | Sacrificial Skull |
| 3:03 | Acolyte |
| 3:43 | Ziggurat |
| 4:17 | Unholy Aura |
| 4:26 | Acolyte |
| 4:26 | Acolyte |
| 4:27 | Acolyte |
| 5:09 | Nerubian Tower |
| 5:13 | Ziggurat |
| 5:15 | Acolyte |
| 5:23 | Ghoul |
| 5:31 | Acolyte |
| 5:40 | Nerubian Tower |
| 6:12 | Halls of the Dead |
| 6:29 | Nerubian Tower |
| 6:31 | Ziggurat |
| 6:38 | Tomb of Relics |
| 6:57 | Death Coil |
| 7:21 | Boots of Speed |
| 7:21 | Staff of Teleportation |
| 7:41 | Healing Salve |
| 7:43 | Lesser Clarity Potion |
| 8:03 | Lesser Clarity Potion |
| 8:20 | Lesser Clarity Potion |
| 8:38 | Healing Salve |
| 8:54 | Black Citadel |
| 8:56 | Nerubian Tower |
| 8:57 | Ziggurat |
| 9:03 | Tomb of Relics |
| 9:05 | Spirit Tower |
| 9:41 | Unholy Aura |
| 9:44 | Lesser Clarity Potion |
| 9:52 | Frost Nova |
| 10:02 | Spirit Tower |
| 10:47 | Circlet of Nobility |
| 11:15 | Lesser Clarity Potion |
| 12:05 | Slaughterhouse |
| 12:09 | Ghoul Frenzy |
| 12:18 | Ziggurat |
| 12:20 | Ziggurat |
| 12:47 | Orb of Corruption |
| 12:49 | Potion of Healing |
| 12:53 | Staff of Sanctuary |
| 12:59 | Impale |
| 13:09 | Ziggurat |
| 14:13 | Obsidian Statue |
| 14:13 | Obsidian Statue |
| 14:35 | Nerubian Tower |
| 14:38 | Nerubian Tower |
| 14:38 | Spirit Tower |
| 14:46 | Orb of Corruption |
| 14:57 | Obsidian Statue |
| 15:21 | Staff of Sanctuary |
| 15:42 | Boots of Speed |
| 15:42 | Staff of Teleportation |
| 16:46 | Boots of Speed |
| 16:58 | Ziggurat |
| 17:21 | Web |
| 17:21 | Crypt Fiend |
| 18:14 | Spiked Carapace |
| 19:11 | Frost Armor |
| 20:23 | Death Coil |
| 20:58 | Lesser Clarity Potion |
| 21:32 | Obsidian Statue |
| 21:33 | Obsidian Statue |
| 22:06 | Nerubian Tower |
| 22:27 | Periapt of Vitality |
| 22:28 | Potion of Lesser Invulnerability |
| 24:46 | Impale |
| 25:40 | Potion of Mana |
| 25:45 | Potion of Healing |
| 26:08 | Potion of Mana |
| 26:53 | Frost Nova |
| 30:44 | Ziggurat |
| 31:56 | Spiked Carapace |
| 32:11 | Animate Dead |
| 35:06 | Staff of Teleportation |
| 35:07 | Periapt of Vitality |
| 35:40 | Impale |
| 39:38 | Staff of Sanctuary |
| 40:03 | Unholy Aura |
| 40:05 | Frost Armor |
| Right click | 3059 |
| Select group | 1315 |
| Select | 486 |
| Assign group | 302 |
| Resource trade | 210 |
| Build/train/purchase | 181 |
| Use ability | 159 |
| Chat | 55 |
| Misc. action | 36 |
| Item give/drop | 6 |
| Minimap ping | 5 |
| Remove unit | 1 |
BEARAND
(42:26) : 

| Staff of Sanctuary | 2 | 500 |
| Boots of Speed | 2 | 500 |
| Periapt of Vitality | 1 | 325 |
| Staff of Teleportation | 1 | 150 |
| Healing Salve | 1 | 100 |
| Orb of Corruption | 1 | 375 |
| total: | 8 | 1950g |
| Peasant | 29 | 2175 | / | 0 |
| Priest | 1 | 135 | / | 10 |
| Goblin Shredder | 3 | 1125 | / | 300 |
| Goblin Zeppelin | 1 | 240 | / | 60 |
| total: | 34 | 3675g | / | 370w |
| Scout Tower | 70 | 2100 | / | 1400 |
| Arcane Tower | 1 | 70 | / | 50 |
| Guard Tower | 48 | 3360 | / | 2400 |
| Altar of Kings | 2 | 360 | / | 100 |
| Farm | 10 | 800 | / | 200 |
| Lumber Mill | 2 | 240 | / | 0 |
| Arcane Vault | 1 | 130 | / | 30 |
| Town Hall | 5 | 1925 | / | 1025 |
| Blacksmith | 1 | 140 | / | 60 |
| Arcane Sanctum | 1 | 150 | / | 140 |
| Workshop | 2 | 280 | / | 280 |
| Keep | 3 | 960 | / | 630 |
| Castle | 2 | 720 | / | 420 |
| total: | 94 | 6125g | / | 3235w |
| 0:03 | Peasant |
| 0:03 | Peasant |
| 0:07 | Altar of Kings |
| 0:20 | Farm |
| 0:21 | Peasant |
| 0:41 | Lumber Mill |
| 0:47 | Peasant |
| 1:06 | Peasant |
| 1:09 | Farm |
| 1:12 | Scout Tower |
| 1:22 | Peasant |
| 1:34 | Scout Tower |
| 1:38 | Arcane Tower |
| 1:45 | Peasant |
| 1:45 | Peasant |
| 1:45 | Peasant |
| 1:56 | Scout Tower |
| 1:56 | Peasant |
| 2:08 | Blizzard |
| 2:11 | Peasant |
| 2:12 | Peasant |
| 2:28 | Guard Tower |
| 2:29 | Peasant |
| 2:29 | Peasant |
| 2:49 | Guard Tower |
| 2:49 | Scout Tower |
| 2:50 | Scout Tower |
| 3:02 | Arcane Vault |
| 3:23 | Brilliance Aura |
| 3:33 | Peasant |
| 4:06 | Guard Tower |
| 4:34 | Town Hall |
| 4:39 | Scout Tower |
| 4:40 | Scout Tower |
| 4:40 | Scout Tower |
| 4:41 | Scout Tower |
| 5:33 | Blizzard |
| 5:53 | Town Hall |
| 6:20 | Scout Tower |
| 6:21 | Scout Tower |
| 6:21 | Scout Tower |
| 6:22 | Scout Tower |
| 6:31 | Goblin Shredder |
| 6:52 | Guard Tower |
| 6:54 | Peasant |
| 6:54 | Peasant |
| 6:56 | Healing Salve |
| 7:39 | Guard Tower |
| 7:39 | Keep |
| 7:54 | Improved Masonry |
| 7:59 | Guard Tower |
| 8:55 | Guard Tower |
| 8:58 | Peasant |
| 8:58 | Peasant |
| 8:58 | Peasant |
| 9:04 | Scout Tower |
| 9:05 | Scout Tower |
| 9:05 | Scout Tower |
| 9:06 | Scout Tower |
| 9:06 | Scout Tower |
| 9:06 | Scout Tower |
| 9:07 | Scout Tower |
| 9:22 | Goblin Zeppelin |
| 9:22 | Goblin Shredder |
| 9:34 | Scout Tower |
| 9:34 | Scout Tower |
| 9:34 | Scout Tower |
| 9:35 | Scout Tower |
| 9:35 | Scout Tower |
| 9:35 | Scout Tower |
| 9:36 | Scout Tower |
| 9:36 | Scout Tower |
| 9:36 | Scout Tower |
| 9:37 | Scout Tower |
| 10:14 | Boots of Speed |
| 10:20 | Boots of Speed |
| 11:14 | Scout Tower |
| 11:14 | Scout Tower |
| 11:16 | Scout Tower |
| 11:16 | Scout Tower |
| 11:17 | Scout Tower |
| 11:23 | Guard Tower |
| 11:23 | Guard Tower |
| 11:24 | Guard Tower |
| 11:27 | Storm Bolt |
| 12:03 | Advanced Masonry |
| 12:04 | Castle |
| 12:24 | Guard Tower |
| 12:24 | Guard Tower |
| 12:25 | Guard Tower |
| 12:26 | Arcane Sanctum |
| 12:27 | Farm |
| 12:44 | Brilliance Aura |
| 12:50 | Guard Tower |
| 13:22 | Guard Tower |
| 13:43 | Magic Sentry |
| 13:49 | Scout Tower |
| 13:49 | Scout Tower |
| 13:49 | Scout Tower |
| 13:50 | Scout Tower |
| 14:02 | Guard Tower |
| 14:03 | Scout Tower |
| 14:04 | Scout Tower |
| 14:07 | Scout Tower |
| 14:09 | Scout Tower |
| 14:10 | Scout Tower |
| 14:10 | Scout Tower |
| 14:11 | Scout Tower |
| 14:11 | Scout Tower |
| 14:14 | Scout Tower |
| 14:15 | Scout Tower |
| 14:15 | Scout Tower |
| 14:16 | Priest |
| 14:33 | Guard Tower |
| 14:33 | Guard Tower |
| 14:36 | Guard Tower |
| 14:38 | Guard Tower |
| 14:40 | Scout Tower |
| 14:40 | Scout Tower |
| 14:42 | Imbued Masonry |
| 14:45 | Guard Tower |
| 14:49 | Guard Tower |
| 15:02 | Scout Tower |
| 15:03 | Scout Tower |
| 15:03 | Scout Tower |
| 15:04 | Peasant |
| 15:17 | Guard Tower |
| 15:20 | Guard Tower |
| 15:23 | Guard Tower |
| 15:26 | Scout Tower |
| 15:27 | Scout Tower |
| 15:27 | Scout Tower |
| 15:35 | Guard Tower |
| 16:02 | Altar of Kings |
| 16:03 | Farm |
| 16:04 | Lumber Mill |
| 16:10 | Guard Tower |
| 16:46 | Guard Tower |
| 16:49 | Scout Tower |
| 16:49 | Scout Tower |
| 16:50 | Scout Tower |
| 17:07 | Periapt of Vitality |
| 17:21 | Farm |
| 17:31 | Farm |
| 18:12 | Town Hall |
| 18:26 | Guard Tower |
| 18:38 | Peasant |
| 18:38 | Peasant |
| 18:39 | Peasant |
| 18:39 | Peasant |
| 18:39 | Peasant |
| 19:12 | Guard Tower |
| 19:28 | Farm |
| 19:28 | Farm |
| 20:17 | Goblin Shredder |
| 20:31 | Scout Tower |
| 20:32 | Scout Tower |
| 21:16 | Blacksmith |
| 21:17 | Keep |
| 21:18 | Guard Tower |
| 21:20 | Scout Tower |
| 21:22 | Scout Tower |
| 21:22 | Guard Tower |
| 21:24 | Scout Tower |
| 21:25 | Scout Tower |
| 21:29 | Scout Tower |
| 21:40 | Town Hall |
| 21:54 | Farm |
| 22:20 | Farm |
| 22:26 | Guard Tower |
| 22:43 | Guard Tower |
| 22:46 | Scout Tower |
| 22:47 | Scout Tower |
| 23:38 | Workshop |
| 23:38 | Workshop |
| 24:03 | Peasant |
| 24:03 | Peasant |
| 24:05 | Peasant |
| 25:29 | Staff of Teleportation |
| 26:06 | Bash |
| 28:16 | Storm Bolt |
| 28:56 | Bash |
| 29:17 | Blizzard |
| 30:02 | Town Hall |
| 30:19 | Orb of Corruption |
| 32:32 | Storm Bolt |
| 32:32 | Storm Bolt |
| 33:11 | Mass Teleport |
| 36:04 | Staff of Sanctuary |
| 36:05 | Staff of Sanctuary |
| 42:15 | Avatar |
| Right click | 4720 |
| Select | 941 |
| Select group | 483 |
| Build/train/purchase | 260 |
| Use ability | 88 |
| Resource trade | 62 |
| Misc. action | 34 |
| Minimap ping | 33 |
| Chat | 23 |
| Assign group | 13 |
| Item give/drop | 9 |
| Remove unit | 6 |



| Staff of Sanctuary | 3 | 750 |
| Boots of Speed | 3 | 750 |
| Staff of Teleportation | 3 | 450 |
| Potion of Invisibility | 1 | 100 |
| Healing Salve | 1 | 100 |
| Orb of Corruption | 3 | 1125 |
| total: | 14 | 3275g |
| Peasant | 25 | 1875 | / | 0 |
| Dragonhawk Rider | 10 | 2000 | / | 300 |
| Priest | 1 | 135 | / | 10 |
| Goblin Shredder | 1 | 375 | / | 100 |
| total: | 37 | 4385g | / | 410w |
| Scout Tower | 186 | 5580 | / | 3720 |
| Arcane Tower | 4 | 280 | / | 200 |
| Guard Tower | 72 | 5040 | / | 3600 |
| Altar of Kings | 3 | 540 | / | 150 |
| Farm | 5 | 400 | / | 100 |
| Lumber Mill | 1 | 120 | / | 0 |
| Town Hall | 3 | 1155 | / | 615 |
| Arcane Vault | 3 | 390 | / | 90 |
| Blacksmith | 1 | 140 | / | 60 |
| Barracks | 2 | 320 | / | 120 |
| Arcane Sanctum | 1 | 150 | / | 140 |
| Gryphon Aviary | 2 | 280 | / | 300 |
| Keep | 1 | 320 | / | 210 |
| Castle | 1 | 360 | / | 210 |
| total: | 207 | 9075g | / | 5295w |
| 0:03 | Peasant |
| 0:03 | Peasant |
| 0:03 | Peasant |
| 0:07 | Altar of Kings |
| 0:10 | Farm |
| 0:13 | Peasant |
| 0:13 | Peasant |
| 0:30 | Peasant |
| 0:42 | Peasant |
| 0:43 | Peasant |
| 1:02 | Farm |
| 1:14 | Peasant |
| 1:19 | Lumber Mill |
| 1:24 | Scout Tower |
| 1:33 | Scout Tower |
| 1:35 | Scout Tower |
| 1:39 | Peasant |
| 1:40 | Peasant |
| 1:57 | Scout Tower |
| 1:58 | Scout Tower |
| 1:59 | Arcane Tower |
| 2:01 | Arcane Tower |
| 2:01 | Arcane Tower |
| 2:09 | Blizzard |
| 2:20 | Scout Tower |
| 2:20 | Scout Tower |
| 2:21 | Peasant |
| 2:22 | Peasant |
| 2:25 | Guard Tower |
| 2:28 | Guard Tower |
| 2:41 | Peasant |
| 2:41 | Peasant |
| 2:54 | Guard Tower |
| 2:57 | Guard Tower |
| 3:03 | Scout Tower |
| 3:05 | Scout Tower |
| 3:09 | Peasant |
| 3:09 | Peasant |
| 3:47 | Guard Tower |
| 3:51 | Scout Tower |
| 3:51 | Scout Tower |
| 3:55 | Scout Tower |
| 3:57 | Keep |
| 3:59 | Brilliance Aura |
| 4:20 | Improved Masonry |
| 5:02 | Guard Tower |
| 5:03 | Scout Tower |
| 5:04 | Scout Tower |
| 5:04 | Scout Tower |
| 5:05 | Scout Tower |
| 5:06 | Scout Tower |
| 5:06 | Scout Tower |
| 5:44 | Scout Tower |
| 5:45 | Scout Tower |
| 5:46 | Scout Tower |
| 5:46 | Scout Tower |
| 6:18 | Guard Tower |
| 6:22 | Castle |
| 6:23 | Arcane Sanctum |
| 6:25 | Advanced Masonry |
| 6:26 | Guard Tower |
| 6:40 | Scout Tower |
| 6:40 | Scout Tower |
| 6:44 | Guard Tower |
| 6:55 | Scout Tower |
| 6:56 | Scout Tower |
| 6:57 | Scout Tower |
| 6:58 | Scout Tower |
| 7:13 | Guard Tower |
| 7:14 | Improved Lumber Harvesting |
| 7:20 | Town Hall |
| 7:31 | Guard Tower |
| 7:37 | Magic Sentry |
| 7:40 | Scout Tower |
| 7:41 | Scout Tower |
| 7:43 | Scout Tower |
| 7:44 | Scout Tower |
| 7:45 | Scout Tower |
| 7:49 | Guard Tower |
| 7:59 | Guard Tower |
| 8:09 | Guard Tower |
| 8:13 | Scout Tower |
| 8:36 | Peasant |
| 8:36 | Peasant |
| 8:36 | Peasant |
| 8:38 | Scout Tower |
| 8:40 | Scout Tower |
| 8:42 | Scout Tower |
| 8:46 | Guard Tower |
| 8:49 | Peasant |
| 8:49 | Peasant |
| 8:49 | Peasant |
| 8:55 | Guard Tower |
| 9:06 | Guard Tower |
| 9:11 | Scout Tower |
| 9:11 | Scout Tower |
| 9:15 | Scout Tower |
| 9:18 | Scout Tower |
| 9:18 | Scout Tower |
| 9:19 | Scout Tower |
| 9:27 | Scout Tower |
| 9:27 | Scout Tower |
| 9:28 | Scout Tower |
| 9:29 | Scout Tower |
| 9:32 | Imbued Masonry |
| 9:36 | Healing Salve |
| 10:25 | Guard Tower |
| 10:28 | Priest Adept Training |
| 10:29 | Farm |
| 10:29 | Farm |
| 10:31 | Storm Bolt |
| 10:34 | Arcane Vault |
| 10:35 | Arcane Vault |
| 10:37 | Arcane Vault |
| 10:39 | Guard Tower |
| 10:40 | Guard Tower |
| 10:41 | Scout Tower |
| 10:42 | Scout Tower |
| 10:42 | Scout Tower |
| 10:43 | Scout Tower |
| 10:45 | Blizzard |
| 11:17 | Guard Tower |
| 11:22 | Peasant |
| 11:29 | Advanced Lumber Harvesting |
| 11:48 | Guard Tower |
| 11:49 | Guard Tower |
| 11:55 | Guard Tower |
| 12:28 | Scout Tower |
| 12:29 | Scout Tower |
| 12:30 | Scout Tower |
| 12:31 | Scout Tower |
| 12:35 | Scout Tower |
| 12:35 | Scout Tower |
| 12:36 | Scout Tower |
| 12:36 | Scout Tower |
| 12:47 | Holy Light |
| 12:51 | Scout Tower |
| 12:51 | Scout Tower |
| 12:52 | Scout Tower |
| 12:52 | Scout Tower |
| 12:54 | Scout Tower |
| 12:55 | Scout Tower |
| 12:56 | Scout Tower |
| 12:56 | Scout Tower |
| 12:56 | Scout Tower |
| 12:57 | Scout Tower |
| 13:05 | Scout Tower |
| 13:07 | Scout Tower |
| 13:07 | Scout Tower |
| 13:08 | Scout Tower |
| 13:08 | Scout Tower |
| 13:09 | Scout Tower |
| 13:12 | Staff of Sanctuary |
| 13:29 | Staff of Sanctuary |
| 13:32 | Guard Tower |
| 13:36 | Scout Tower |
| 13:36 | Scout Tower |
| 13:39 | Scout Tower |
| 13:39 | Scout Tower |
| 13:54 | Guard Tower |
| 13:58 | Guard Tower |
| 14:01 | Scout Tower |
| 14:10 | Scout Tower |
| 14:10 | Scout Tower |
| 14:16 | Guard Tower |
| 14:19 | Thunder Clap |
| 14:24 | Guard Tower |
| 14:40 | Guard Tower |
| 15:03 | Guard Tower |
| 15:09 | Guard Tower |
| 15:16 | Goblin Shredder |
| 15:38 | Divine Shield |
| 15:50 | Boots of Speed |
| 15:50 | Staff of Teleportation |
| 16:03 | Guard Tower |
| 16:05 | Scout Tower |
| 16:06 | Scout Tower |
| 16:07 | Scout Tower |
| 16:07 | Scout Tower |
| 16:15 | Scout Tower |
| 16:16 | Scout Tower |
| 16:16 | Scout Tower |
| 16:17 | Scout Tower |
| 16:19 | Scout Tower |
| 16:20 | Scout Tower |
| 16:21 | Scout Tower |
| 16:21 | Scout Tower |
| 16:24 | Boots of Speed |
| 16:46 | Scout Tower |
| 16:47 | Scout Tower |
| 16:47 | Scout Tower |
| 16:48 | Scout Tower |
| 16:53 | Guard Tower |
| 16:55 | Scout Tower |
| 16:56 | Scout Tower |
| 16:57 | Scout Tower |
| 16:58 | Scout Tower |
| 17:01 | Guard Tower |
| 17:03 | Scout Tower |
| 17:04 | Scout Tower |
| 17:04 | Scout Tower |
| 17:05 | Scout Tower |
| 17:06 | Scout Tower |
| 17:28 | Brilliance Aura |
| 17:37 | Storm Bolt |
| 17:47 | Guard Tower |
| 17:53 | Guard Tower |
| 17:54 | Scout Tower |
| 17:55 | Scout Tower |
| 17:56 | Scout Tower |
| 17:56 | Scout Tower |
| 17:59 | Scout Tower |
| 18:00 | Scout Tower |
| 18:00 | Scout Tower |
| 18:00 | Scout Tower |
| 18:01 | Scout Tower |
| 18:07 | Guard Tower |
| 18:13 | Farm |
| 18:14 | Guard Tower |
| 18:15 | Gryphon Aviary |
| 18:18 | Blacksmith |
| 18:22 | Barracks |
| 18:24 | Barracks |
| 18:52 | Guard Tower |
| 18:55 | Scout Tower |
| 18:56 | Scout Tower |
| 18:57 | Scout Tower |
| 18:57 | Guard Tower |
| 19:03 | Guard Tower |
| 19:04 | Guard Tower |
| 19:46 | Boots of Speed |
| 19:46 | Staff of Teleportation |
| 19:51 | Scout Tower |
| 19:52 | Scout Tower |
| 19:54 | Scout Tower |
| 19:55 | Guard Tower |
| 19:57 | Animal War Training |
| 20:17 | Dragonhawk Rider |
| 20:17 | Dragonhawk Rider |
| 20:23 | Potion of Invisibility |
| 20:25 | Staff of Teleportation |
| 20:35 | Guard Tower |
| 20:37 | Guard Tower |
| 20:39 | Scout Tower |
| 20:40 | Scout Tower |
| 20:41 | Scout Tower |
| 20:41 | Scout Tower |
| 20:42 | Guard Tower |
| 20:44 | Scout Tower |
| 20:44 | Scout Tower |
| 20:53 | Scout Tower |
| 20:54 | Scout Tower |
| 20:54 | Scout Tower |
| 20:55 | Scout Tower |
| 20:58 | Scout Tower |
| 21:01 | Scout Tower |
| 21:01 | Scout Tower |
| 21:02 | Scout Tower |
| 21:04 | Scout Tower |
| 21:05 | Scout Tower |
| 21:32 | Studded Leather Armor |
| 21:38 | Priest |
| 21:41 | Guard Tower |
| 21:43 | Scout Tower |
| 21:44 | Scout Tower |
| 21:44 | Scout Tower |
| 21:45 | Scout Tower |
| 21:46 | Guard Tower |
| 21:53 | Orb of Corruption |
| 22:07 | Guard Tower |
| 22:13 | Guard Tower |
| 22:16 | Scout Tower |
| 22:17 | Scout Tower |
| 22:18 | Scout Tower |
| 22:18 | Scout Tower |
| 22:19 | Scout Tower |
| 22:40 | Guard Tower |
| 22:42 | Scout Tower |
| 22:42 | Scout Tower |
| 22:44 | Scout Tower |
| 22:45 | Scout Tower |
| 22:46 | Guard Tower |
| 22:51 | Guard Tower |
| 22:58 | Cloud |
| 23:00 | Reinforced Leather Armor |
| 23:34 | Staff of Sanctuary |
| 23:55 | Scout Tower |
| 23:55 | Scout Tower |
| 23:56 | Scout Tower |
| 23:57 | Scout Tower |
| 24:11 | Guard Tower |
| 24:57 | Town Hall |
| 25:00 | Guard Tower |
| 25:31 | Guard Tower |
| 25:32 | Guard Tower |
| 25:34 | Scout Tower |
| 25:35 | Scout Tower |
| 25:35 | Scout Tower |
| 26:11 | Holy Light |
| 26:37 | Guard Tower |
| 26:39 | Scout Tower |
| 26:40 | Scout Tower |
| 26:40 | Scout Tower |
| 26:41 | Scout Tower |
| 26:41 | Scout Tower |
| 26:41 | Scout Tower |
| 26:43 | Guard Tower |
| 26:44 | Scout Tower |
| 26:44 | Scout Tower |
| 26:45 | Scout Tower |
| 26:45 | Scout Tower |
| 26:46 | Scout Tower |
| 26:47 | Scout Tower |
| 27:06 | Orb of Corruption |
| 27:28 | Dragonhawk Rider |
| 27:28 | Dragonhawk Rider |
| 27:28 | Dragonhawk Rider |
| 27:28 | Dragonhawk Rider |
| 27:35 | Orb of Corruption |
| 27:52 | Guard Tower |
| 28:35 | Thunder Clap |
| 29:07 | Guard Tower |
| 29:08 | Scout Tower |
| 29:09 | Scout Tower |
| 29:09 | Scout Tower |
| 29:10 | Scout Tower |
| 29:13 | Scout Tower |
| 29:14 | Scout Tower |
| 29:55 | Altar of Kings |
| 30:08 | Guard Tower |
| 31:08 | Dragonhawk Rider |
| 31:08 | Dragonhawk Rider |
| 31:08 | Dragonhawk Rider |
| 31:55 | Devotion Aura |
| 32:16 | Guard Tower |
| 33:45 | Gryphon Aviary |
| 33:46 | Altar of Kings |
| 34:19 | Dragonhawk Rider |
| 35:32 | Blizzard |
| 35:42 | Blizzard |
| 36:41 | Dragonhide Armor |
| 36:41 | Iron Forged Swords |
| 36:52 | Scout Tower |
| 36:54 | Scout Tower |
| 36:54 | Scout Tower |
| 36:55 | Scout Tower |
| 36:59 | Scout Tower |
| 36:59 | Scout Tower |
| 37:24 | Guard Tower |
| 37:31 | Town Hall |
| 37:37 | Guard Tower |
| 37:40 | Scout Tower |
| 37:41 | Scout Tower |
| 37:41 | Scout Tower |
| 37:41 | Scout Tower |
| 38:59 | Holy Light |
| 39:26 | Guard Tower |
| 39:26 | Guard Tower |
| 39:35 | Storm Bolt |
| 40:36 | Peasant |
| 42:14 | Brilliance Aura |
| Right click | 3322 |
| Select group | 2518 |
| Select | 519 |
| Use ability | 255 |
| Build/train/purchase | 214 |
| Minimap ping | 62 |
| Misc. action | 50 |
| Resource trade | 24 |
| Assign group | 19 |
| Item give/drop | 10 |
| Chat | 8 |
| Esc | 3 |
⇛